 Dungeon Crawl Stone Soup version 0.32-a0-468-g38b2580584 (webtiles) character file.

Game seed: 3334108699162479950

54 ezpacito the Trooper (level 3, -3/29 HPs)
             Began as a Demonspawn Chaos Knight on Feb 25, 2024.
             Was a Plaything of Xom.
             Blown up by Ijyb (12 damage)
             ... with a mindburst bolt
             ... on level 3 of the Dungeon.
             The game lasted 00:01:13 (1537 turns).

ezpacito the Trooper (Demonspawn Chaos Knight)      Turns: 1537, Time: 00:01:13

Health: -3/29      AC:  7    Str: 14    XL:     3   Next: 66%
Magic:  3/3        EV: 11    Int: 12    God:    Xom [..*...]
Gold:   72         SH:  4    Dex: 12    Spells: 2/2 levels left

rFire   + . .        a - +0 hand axe (chaos)
rCold   + . .        (no shield)
rNeg    . . .        b - +2 leather armour
rPois   .            (no helmet)
rElec   .            n - scarf {rC+ rF+}
rCorr   .            (no gloves)
SInv    +            (no boots)
Will    .....        (no amulet)
Stlth   +            h - ring of see invisible
HPRegen 0.24/turn    (no ring)
MPRegen 0.08/turn

%: no passive effects
@: no status effects
A: molten scales 1, condensation shield
a: Renounce Religion


You were on level 3 of the Dungeon.
You worshipped Xom.
You were a toy of Xom.
You visited 1 branch of the dungeon, and saw 3 of its levels.

You collected 72 gold pieces.

Inventory:

Hand Weapons
 a - a +0 hand axe of chaos (weapon)
Missiles
 o - 4 poisoned darts (quivered)
Armour
 b - a +2 leather armour (worn)
 i - a +0 chain mail
 n - a scarf of resistance (worn)
Jewellery
 h - a ring of see invisible (left hand)
Scrolls
 d - 4 scrolls of immolation {unknown}
 f - 3 scrolls of identify {unknown}
 g - a scroll of vulnerability {unknown}
 j - a scroll of fear {unknown}
 k - a scroll of poison {unknown}
 m - a scroll of enchant weapon {unknown}
Potions
 e - a potion of enlightenment {unknown}
 l - a potion of magic {unknown}


   Skills:
 * Level 3.3 Fighting
 * Level 3.0(3.1) Axes
 + Level 0.3(1.9) Polearms
 * Level 2.0 Armour
 * Level 1.3 Dodging
 + Level 0.1 Stealth
 * Level 1.3 Unarmed Combat
 + Level 0.3 Spellcasting


You had 2 spell levels left.
You didn't know any spells.
Your spell library was empty.

Dungeon Overview and Level Annotations

Branches:
Dungeon (3/15)

Altars:

Annotations:
D:3 Ijyb


Innate Abilities, Weirdness & Mutations

You are partially covered in molten scales. (AC +2)
A meltable shield of frost defends you. (SH +4)


Message History

Ijyb hits you with a +2 dagger of speed.
You hit Ijyb but do no damage.
Ijyb zaps a wand.
Your mind is blasted!
Ouch! That really hurt!
* * * LOW HITPOINT WARNING * * *
Xom is highly amused!
Unknown command.
As you read the scroll of butterflies, it crumbles to dust.
You hear the flapping of tiny wings.
The adder is knocked back by the sudden gust.
Ijyb is knocked back by the sudden gust.
The adder closely misses your butterfly.
You swap places.
Ijyb misses your butterfly.
The adder completely misses your butterfly.
Ijyb closely misses your butterfly.
There is a stone staircase leading up here.
The adder bites your butterfly.
Your butterfly dies!
Your butterfly disappears in a burst of colours!
Ijyb hits your butterfly with a +2 dagger of speed.
Your butterfly dies!
Your butterfly disappears in a burst of colours!
You climb upwards.
Your summoned allies are left behind.
There is a stone staircase leading down here.
You start resting.
HP restored.
You start waiting.
Done waiting.
You climb downwards.
Level annotation: Ijyb Xom makes a sudden noise!
You hear maniacal laughter.
You hear a shout!
You hear an angry hiss. x2
Ijyb zaps a wand.
You barely resist.
There is a stone staircase leading up here.
Ijyb zaps a wand.
Your mind is blasted!
Ouch! That really hurt!
A shower of butterflies erupts from you!
Ijyb zaps a wand.
Your mind is blasted!
You die...
Ijyb screams, "Time for next experiment!"
Xom chuckles heartily!

. # .. .####
.##.# #b..
......###b#######
......Sb.@..g....
........#.####.##
.###.##.#.# #
#.#.# #+#.# ..#
... ...


You could see Ijyb (ally target) and an adder.

Vanquished Creatures
  An adder (D:2)
  A dart slug (D:1)
  4 endoplasms (D:1)
  6 giant cockroaches
  4 goblins
  4 hobgoblins
  4 jackals (D:2)
  A quokka (D:2)
  5 ball pythons
  A bat (D:2)
  A frilled lizard (D:2)
  5 rats
37 creatures vanquished.

Notes
Turn   | Place    | Note
-------+----------+-------------------------------------------
     0 | D:1      | ezpacito the Demonspawn Chaos Knight began the quest for
                  | the Orb.
     0 | D:1      | Reached XP level 1. HP: 18/18 MP: 1/1
    23 | D:1      | Reached skill level 1 in Dodging
   105 | D:1      | Gained mutation: You are partially covered in molten
                  | scales. (AC +2) [demonic ancestry]
   105 | D:1      | Reached XP level 2. HP: 23/24 MP: 2/2
   145 | D:1      | XOM: divination: magic mapping
   209 | D:1      | You fall into a shaft and drop 1 floor!
   869 | D:2      | Gained mutation: A meltable shield of frost defends you.
                  | (SH +4) [demonic ancestry]
   869 | D:2      | Reached XP level 3. HP: 29/29 MP: 3/3
   997 | D:2      | Reached skill level 1 in Unarmed Combat
  1095 | D:2      | XOM: noise
  1345 | D:3      | Noticed Ijyb
  1535 | D:3      | XOM: noise
  1536 | D:3      | XOM: butterfly on damage
  1537 | D:3      | Blown up by Ijyb

Illustrated notes

Levels and vault maps discovered:
D:1:      ebering_trefoil_3fold, layout_basic, minmay_liquid_box
D:2:      layout_loops_cross, minmay_worlds_worst_comb
D:3:      layout_basic, grunt_decor_fettered, nicolae_half_adder, uniq_ijyb

Skill      XL: |  1  2  3 |
---------------+----------+-----
Dodging        | 1 |  1.3
Armour         | 2 |  2.0
Unarmed Combat | 1 |  1.3
Axes           | 3 |  3.0
Fighting       | |  3.3
Polearms       | |  0.3
Stealth        | |  0.1
Spellcasting   | |  0.3

Action                     || total
---------------------------++-------
  Melee: Hand axe          ||    94
    Use: Scroll            ||     1
   Stab: Confused          ||     1
 Armour: Leather armour    ||    54
  Dodge: Dodged            ||    70
  Block: Other             ||     6

Table legend: (Time is in decaauts)
 A = Elapsed time spent in this place.
 B = Non-inter-level travel time spent in this place.
 C = Inter-level travel time spent in this place.
 D = Time resting spent in this place.
 E = Time spent auto-exploring this place.
 F = Levels seen in this place.
 G = Mean time per level.
                   A        B        C        D        E       F      G
               +--------+--------+--------+--------+--------+-----+--------+
         Total |   1550 |   1439 |    111 |    181 |   1020 |   3 |  516.7 |
       Dungeon |   1550 |   1439 |    111 |    181 |   1020 |   3 |  516.7 |
               +--------+--------+--------+--------+--------+-----+--------+

Top non-repeatable levels by time:
     D:2: 910 daAuts
     D:1: 631 daAuts
     D:3: 9 daAuts
